 Dungeon Crawl Stone Soup version 0.20.0-10-g0535bb4 (webtiles) character file.

412 vatarom the Gusty (level 6, 0/32 HPs)
             Began as a Tengu Air Elementalist on June 4, 2017.
             Slain by Grinder (4 damage)
             ... while paralysed by Grinder
             ... on level 3 of the Dungeon.
             The game lasted 00:11:11 (3675 turns).

vatarom the Gusty (Tengu Air Elementalist)          Turns: 3675, Time: 00:11:12

Health: 0/32       AC:  4    Str:  9    XL:     6   Next: 90%
Magic:  3/10       EV:  2    Int: 17    God:
Gold:   148        SH:  0    Dex: 14    Spells: 3/9 levels left

rFire    . . .     SeeInvis .   f - +1 dagger (venom)
rCold    . . .     Gourm    .   (no shield)
rNeg     . . .     Faith    .   a - +1 robe
rPois    .         Spirit   .   (helmet restricted)
rElec    .         Reflect  .   (no cloak)
rCorr    .         Harm     .   o - +0 pair of gloves
MR       .....                  (boots unavailable)
Stlth    ++........             (no amulet)
Regen    0.1/turn               (no ring)
MPRegen  0.2/turn               (no ring)

@: paralysed
A: beak, talons 3, able to fly 1
a: Fly


You were on level 3 of the Dungeon.
You were not hungry.

You visited 1 branch of the dungeon, and saw 4 of its levels.

You collected 148 gold pieces.

Inventory:

Hand Weapons
 f - a +1 dagger of venom (weapon)
 j - a +0 dagger
Armour
 a - a +1 robe (worn)
 o - a +0 pair of gloves (worn)
Jewellery
 m - a +2 ring of evasion {unknown}
Scrolls
 e - 3 scrolls of enchant armour
 h - 4 scrolls of identify
 i - a scroll of teleportation
 k - a scroll of remove curse
Potions
 g - 2 potions of agility
Books
 b - a book of Air

   Spells                             Type                      Level
   a - Shock                          Conjuration/Air              1
   b - Swiftness                      Charms/Air                   2
   c - Static Discharge               Conjuration/Air              3
   d - Airstrike                      Air                          4
   e - Lightning Bolt                 Conjuration/Air              5
Comestibles
 c - 3 bread rations
 d - a fruit
 l - 2 royal jellies


   Skills:
 - Level 2.1 Dodging
 - Level 2.0 Stealth
 - Level 2.0 Spellcasting
 + Level 6.5 Conjurations
 * Level 7.4 Air Magic


You had 3 spell levels left.
You knew the following spells:

 Your Spells              Type           Power        Failure   Level  Hunger
a - Shock                 Conj/Air       ####         1%          1    #......
b - Swiftness             Chrm/Air       ##......     6%          2    ###....
c - Static Discharge      Conj/Air       ####....     3%          3    ###....


Dungeon Overview and Level Annotations

Branches:
Dungeon (4/15)
 Temple: D:4-7

Altars:

Annotations:
D:2 1 runed door
D:3 Grinder
D:4 Dowan, Duvessa


Innate Abilities, Weirdness & Mutations

You have a beak for a mouth.
You have claws for feet.
You can fly.


Message History

Pain shoots through your body! Grinder gestures at you.
You barely resist.
You can move again.
You closely miss Grinder. Your kick misses Grinder.
Grinder is severely wounded.
Grinder hits you.
You writhe in agony.
You feel better. Grinder hits you.
You writhe in agony.
Grinder hits you.
* * * LOW HITPOINT WARNING * * *
You writhe in agony.
* * * LOW HITPOINT WARNING * * *
Unknown command.
Your magical contamination has completely faded away.
Grinder gestures at you.
You suddenly lose the ability to move!
Grinder gestures at you.
You shrug off the repeated paralysis!
Grinder hits you.
You die...

#.# ..... #.### .....
#...##### ...8 #.......###..#
#.........#..# #........(#..#
#.........#..#####
..........##)...)############
#........((((###@5..........#
....########....###.........#
#.......# #.##)###....?....#
#.##....# #.##........)....#
#.##....####.#...##........##
..##...........#
#####........ ...............
......... .##.....######.
......... .##...### .#.#
#.........


You could see Grinder.

Vanquished Creatures
  Sigmund (D:3)
  Jessica (D:2)
  Terence (D:3)
  A worker ant (D:4)
  A hound zombie (D:4)
  4 gnolls
  4 adders
  2 worms
  2 dart slugs
  2 leopard geckos
  5 orcs
  3 giant cockroaches
  5 goblins
  5 hobgoblins
  9 jackals
  A quokka (D:4)
  8 bats
  3 frilled lizards
  8 kobolds
  8 rats
74 creatures vanquished.

Notes
Turn   | Place    | Note
-------+----------+-------------------------------------------
     0 | D:1      | vatarom the Tengu Air Elementalist began the quest for the Orb.
     0 | D:1      | Reached XP level 1. HP: 10/10 MP: 4/4
   323 | D:1      | Reached XP level 2. HP: 5/15 MP: 0/6
   516 | D:1      | Learned a level 2 spell: Swiftness
   959 | D:1      | Reached XP level 3. HP: 16/19 MP: 5/7
  1108 | D:2      | Noticed Jessica
  1113 | D:2      | Killed Jessica
  1115 | D:2      | Reached XP level 4. HP: 21/24 MP: 1/8
  1122 | D:2      | Learned a level 3 spell: Static Discharge
  1546 | D:2      | Reached skill level 5 in Air Magic
  1858 | D:2      | Reached skill level 5 in Conjurations
  1951 | D:2      | Gained mutation: You can fly. [Tengu growth]
  1951 | D:2      | Reached XP level 5. HP: 28/28 MP: 0/9
  2070 | D:2      | Found a runed door.
  2332 | D:3      | Noticed Terence
  2336 | D:3      | Noticed Grinder
  2342 | D:3      | Killed Terence
  2469 | D:3      | Paralysed by Grinder for 5 turns
  2800 | D:4      | Reached skill level 6 in Air Magic
  2902 | D:4      | Reached XP level 6. HP: 30/32 MP: 0/10
  3106 | D:4      | Noticed Duvessa
  3109 | D:4      | Noticed Dowan
  3565 | D:3      | Noticed Sigmund
  3575 | D:3      | Killed Sigmund
  3575 | D:3      | Reached skill level 7 in Air Magic
  3659 | D:3      | Paralysed by Grinder for 7 turns
  3672 | D:3      | Paralysed by Grinder for 7 turns
  3675 | D:3      | Slain by Grinder

Skill      XL: |  1  2  3  4  5  6 |
---------------+-------------------+-----
Conjurations   | 2 3 4 5 6 |  6.5
Air Magic      | 5 6 7 |  7.4
Dodging        | |  2.1
Stealth        | |  2.0
Spellcasting   | |  2.0

Action                   |  1- 3 |  4- 6 || total
-------------------------+-------+-------++-------
Melee: Unarmed           |     7 |       ||     7
       Kick              |     3 |     2 ||     5
       Peck              |     1 |       ||     1
       Dagger            |       |    14 ||    14
       Mace              |       |     7 ||     7
 Cast: Shock             |    45 |   126 ||   171
       Static Discharge  |       |     6 ||     6
  Use: Scroll            |     6 |     3 ||     9
       Potion            |       |     2 ||     2
  Eat: Chunk             |     1 |     8 ||     9
       Fruit             |       |     1 ||     1
       Bread ration      |       |     1 ||     1
Armor: Robe              |    13 |     6 ||    19
Dodge: Dodged            |    23 |    24 ||    47
